 Dungeon Crawl Stone Soup version 0.17.1-1-g73c8601 (webtiles) character file.

18 Implojin the Chopper (level 2, -1/26 HPs)
             Began as a Minotaur Fighter on Apr 8, 2016.
             Killed from afar by an orc wizard (4 damage)
             ... with a magic dart
             ... on level 5 of the Dungeon.
             The game lasted 00:01:37 (275 turns).

Implojin the Chopper (Minotaur Fighter)              Turns: 275, Time: 00:01:38

Health: -1/26      AC: 12    Str: 25    XL:     2   Next: 48%
Magic:  1/1        EV:  4    Int:  5    God:
Gold:   28         SH:  9    Dex:  9    Spells: 0 memorised, 1 level left

rFire  . . .     SeeInvis .     a - +0 war axe
rCold  . . .     Clarity  .     l - +0 plate armour
rNeg   . . .     SustAt   .     c - +0 shield
rPois  .         Gourm    .     (helmet restricted)
rElec  .         Spirit   .     (no cloak)
rCorr  .         Warding  .     g - +0 pair of gloves
rMut   .         Stasis   .     (no boots)
MR     +....                    (no amulet)
Stlth  ..........               (no ring)
                                i - ring of protection from magic

@: mighty, somewhat resistant to hostile enchantments, extremely unstealthy
A: retaliatory headbutt, horns 2
a: no special abilities


You were on level 5 of the Dungeon.
You were not hungry.

You visited 1 branch of the dungeon, and saw 5 of its levels.

You collected 28 gold pieces.

Inventory:

Hand Weapons
 a - a +0 war axe (weapon)
Armour
 b - a +0 scale mail
 c - a +0 shield (worn)
 g - a +0 pair of gloves (worn)
 l - a +0 plate armour (worn)
Jewellery
 i - a ring of protection from magic (left hand)
Scrolls
 h - a scroll of magic mapping {unknown}
 k - a scroll of remove curse {unknown}
 m - a scroll of recharging {unknown}
 n - a scroll of noise {unknown}
Potions
 f - a potion of resistance {unknown}
 j - a potion of brilliance {unknown}
Comestibles
 e - 3 bread rations


   Skills:
 - Level 3.6 Fighting
 * Level 3.8 Axes
 - Level 3.6 Armour
 - Level 3.6 Shields


You had one spell level left.
You didn't know any spells.

Dungeon Overview and Level Annotations

Branches:
Dungeon (5/15)             Temple (0/1) D:5

Altars:
Dithmenos
Kikubaaqudgha


Innate Abilities, Weirdness & Mutations

You reflexively headbutt those who attack you in melee.
You have a pair of horns on your head.


Message History

* * * LOW HITPOINT WARNING * * *
The orc wizard casts a spell at you. The puff of flame hits you!
You block the orc wizard's attack.
The orc wizard casts a cantrip, but nothing happens.
You climb downwards.
Found 21 stones.
Found a staircase to the Ecumenical Temple.
There is a stone staircase leading up here.
Unknown command.
Read which item? (? for menu, Esc to quit)
Okay, then.
You are too injured to fight recklessly!
Drink which item? (? for menu, Esc to quit)
Okay, then.
Unknown command.
Drink which item? (? for menu, Esc to quit)
You feel very mighty all of a sudden.
The orc wizard hits you but does no damage.
You block the orc wizard's attack.
Unknown command.
Unknown command.
You closely miss the orc wizard. x2
The orc wizard hits you but does no damage.
You block the orc wizard's attack.
The orc wizard hits you but does no damage.
The orc wizard gestures at you while chanting.
The magic dart hits you!
Unknown command.
You completely miss the orc wizard. You hit the orc wizard.
The orc wizard is moderately wounded.
The orc wizard hits you but does no damage. x2
The orc wizard closely misses you. You block the orc wizard's attack.
You miss the orc wizard.
The orc wizard is moderately wounded.
You closely miss the orc wizard. You block the orc wizard's attack.
The orc wizard gestures wildly while chanting.
The orc wizard blinks!
The orc wizard points at you and mumbles some strange words.
The magic dart hits you!
You die...

##### ## #....
.. ## #.... .
.( .##....
.#.#.#
.......##.... .
#......ยง.#....
#o@.......
#....#...>
##...... .
#...#.... #....
... #...#. .#
....... .
#.......


You could see an orc wizard.

Vanquished Creatures
  An adder (D:2)
  An orc (D:3)
  A bat (D:1)
  A goblin (D:2)
  2 kobolds (D:2)
  A quokka (D:2)
  A giant gecko (D:2)
  A rat (D:2)
9 creatures vanquished.

Notes
Turn   | Place    | Note
--------------------------------------------------------------
     0 | D:1      | Implojin the Minotaur Fighter began the quest for the Orb.
     0 | D:1      | Reached XP level 1. HP: 19/19 MP: 0/0
    53 | D:2      | Found a shadowy altar of Dithmenos.
    98 | D:2      | Reached skill level 3 in Axes
   112 | D:2      | Found an ancient bone altar of Kikubaaqudgha.
   169 | D:2      | Reached XP level 2. HP: 23/26 MP: 1/1
   271 | D:5      | Entered Level 5 of the Dungeon
   271 | D:5      | Found a staircase to the Ecumenical Temple.
   275 | D:5      | Killed from afar by an orc wizard

Action                   || total
-------------------------++-------
Melee: War axe           ||    32
  Use: Potion            ||     1

Table legend:
 A = Turns spent in this place as a percentage of turns spent in the entire game.
 B = Non-inter-level travel turns spent in this place as a percentage of non-inter-level travel turns spent in the entire game.
 C = Inter-level travel turns spent in this place as a percentage of turns spent in this place.
 D = Turns resting spent in this place as a percentage of non-inter-level travel turns spent in this place.
 E = Turns spent auto-exploring this place as a percentage of non-inter-level travel turns spent in this place.
 F = Non-inter-level travel turns spent in this place divided by the number of levels of this place that you've seen.
                   A       B       C       D       E      F
               +-------+-------+-------+-------+-------+----------------------
         Total | 100.0 | 100.0 |   0.0 |   0.0 |   0.0 |  53.4
       Dungeon | 100.0 | 100.0 |   0.0 |   0.0 |   0.0 |  53.4
               +-------+-------+-------+-------+-------+----------------------

Table legend:
 A = Kills in this place as a percentage of kills in entire the game.
 B = Kills by you in this place as a percentage of kills by you in the entire game.
 C = Kills by friends in this place as a percentage of kills by friends in the entire game.
 D = Other kills in this place as a percentage of other kills in the entire game.
 E = Experience gained in this place as a percentage of experience gained in the entire game.
 F = Experience gained in this place divided by the number of levels of this place that you have seen.
                   A       B       C       D       E      F
               +-------+-------+-------+-------+-------+----------------------
         Total | 100.0 | 100.0 |  -nan |  -nan | 100.0 |   5.2
       Dungeon | 100.0 | 100.0 |  -nan |  -nan | 100.0 |   5.2
               +-------+-------+-------+-------+-------+----------------------
